Workbook

Sheet Orçamento
A1: INCLUIR LOGOTIPO DA EMPRESA
A6: DADOS DA EMPRESA
A7: DADOS DA EMPRESA
A8: DADOS DA EMPRESA
A9: Planilha de Orçamento - GLOBAL
A11: Obra: Reforma e Adaptação do Prédio do Câmpus Santana do Livramento – Etapa 2 | F11: Endereço: Av. Paul Harris, nº 410, Bairro Centro
A12: Cliente: Instituto Federal Sul-Rio-Grandense | F12: Cidade: Santana do Livramento - RS | J12: BDI = | K12: XX% | L12: 42884
A13: Item/Descrição | B13: Qtd. | C13: Un | D13: Mão-de-Obra | F13: Material | H13: Custo Unit. Total | I13: Custo Direto | J13: BDI | L13: Sub-Total do Item | M13: Total do Item
D14: Custo Unitário | E14: Custo Parcial | F14: Custo Unitário | G14: Custo Parcial | J14: Valor | K14: %
A16: 1. PROJETOS | M16: =SUM(L17:L18) -> #VALUE!
A17: 1. 1. PROJETOS BÁSICOS | E17: =D17*B17 -> 0 | G17: =F17*B17 -> 0 | H17: =+D17+F17 -> 0 | I17: =E17+G17 -> 0 | J17: =K17*I17 -> #VALUE! | K17: =$K$12 -> XX% | L17: =I17+J17 -> #VALUE!
A18: .1 AS BUILT PROJETO ARQUITETÔNICO E COMPLEMENTARES (Incluindo material e mão-de-obra) | B18: 2670.72 | C18: M2 | E18: =D18*B18 -> 0 | G18: =F18*B18 -> 0 | H18: =+D18+F18 -> 0 | I18: =E18+G18 -> 0 | J18: =K18*I18 -> #VALUE! | K18: =$K$12 -> XX% | L18: =I18+J18 -> #VALUE!
A19: 2. SERVIÇOS PRELIMINARES / TÉCNICOS | M19: =SUM(L20:L95) -> #VALUE!
A20: 2. 5. INSTALAÇÃO DO CANTEIRO DE OBRAS | E20: =D20*B20 -> 0 | G20: =F20*B20 -> 0 | H20: =+D20+F20 -> 0 | I20: =E20+G20 -> 0 | J20: =K20*I20 -> #VALUE! | K20: =$K$12 -> XX% | L20: =I20+J20 -> #VALUE!
A21: 2. 5. 1. BARRACÕES (VESTIÁRIOS/SANITÁRIOS/ALMOXARIFADO/REFEITÓRIO/DEPÓSITOS E GUARITA) | E21: =D21*B21 -> 0 | G21: =F21*B21 -> 0 | H21: =+D21+F21 -> 0 | I21: =E21+G21 -> 0 | J21: =K21*I21 -> #VALUE! | K21: =$K$12 -> XX% | L21: =I21+J21 -> #VALUE!
A22: .1 (73847/001) ALUGUEL CONTAINER/ESCRIT INCL INST ELET LARG=2,20, COMP=6,20MALT=2,50M CHAPA PEZ FORRO C/ISOL TERMO/ACUSTICO - INCLUINDO INSTALAÇÃO | B22: 18 | C22: ME | E22: =D22*B22 -> 0 | G22: =F22*B22 -> 0 | H22: =+D22+F22 -> 0 | I22: =E22+G22 -> 0 | J22: =K22*I22 -> #VALUE! | K22: =$K$12 -> XX% | L22: =I22+J22 -> #VALUE!
A23: .2 (73847/004) ALUGUEL CONTAINER/SANIT C/4 VASOS/1 LAVAT/1 MIC/4 CHUV, LARG=2,20M COMPR=6,20 APAS ACO C/NERV TRAPEZ FORRO C/ISOL TERMO/ACÚSTICO - INCLUINDO INSTALAÇÃO | B23: 18 | C23: ME | E23: =D23*B23 -> 0 | G23: =F23*B23 -> 0 | H23: =+D23+F23 -> 0 | I23: =E23+G23 -> 0 | J23: =K23*I23 -> #VALUE! | K23: =$K$12 -> XX% | L23: =I23+J23 -> #VALUE!
A24: 2. 6. TAPUMES | E24: =D24*B24 -> 0 | G24: =F24*B24 -> 0 | H24: =+D24+F24 -> 0 | I24: =E24+G24 -> 0 | J24: =K24*I24 -> #VALUE! | K24: =$K$12 -> XX% | L24: =I24+J24 -> #VALUE!
A25: 2. 6. 2. CHAPAS DE COMPENSADO | E25: =D25*B25 -> 0 | G25: =F25*B25 -> 0 | H25: =+D25+F25 -> 0 | I25: =E25+G25 -> 0 | J25: =K25*I25 -> #VALUE! | K25: =$K$12 -> XX% | L25: =I25+J25 -> #VALUE!
A26: .1 TAPUME EM CHAPA DE COMPENSADO-ALTURA 2,20M, R.3X | B26: 451 | C26: M2 | E26: =D26*B26 -> 0 | G26: =F26*B26 -> 0 | H26: =+D26+F26 -> 0 | I26: =E26+G26 -> 0 | J26: =K26*I26 -> #VALUE! | K26: =$K$12 -> XX% | L26: =I26+J26 -> #VALUE!
A27: .2 ESTRADO DE MADEIRA-CHAPA COMPENSADO | B27: 29.42 | C27: M2 | E27: =D27*B27 -> 0 | G27: =F27*B27 -> 0 | H27: =+D27+F27 -> 0 | I27: =E27+G27 -> 0 | J27: =K27*I27 -> #VALUE! | K27: =$K$12 -> XX% | L27: =I27+J27 -> #VALUE!
A28: 2. 6. 5. FITA DE DEMARCAÇÃO | E28: =D28*B28 -> 0 | G28: =F28*B28 -> 0 | H28: =+D28+F28 -> 0 | I28: =E28+G28 -> 0 | J28: =K28*I28 -> #VALUE! | K28: =$K$12 -> XX% | L28: =I28+J28 -> #VALUE!
A29: .1 FITA ZEBRADA PARA DEMARCAÇÃO - 70 mm x 200 mts | B29: 1 | C29: UN | E29: =D29*B29 -> 0 | G29: =F29*B29 -> 0 | H29: =+D29+F29 -> 0 | I29: =E29+G29 -> 0 | J29: =K29*I29 -> #VALUE! | K29: =$K$12 -> XX% | L29: =I29+J29 -> #VALUE!
A30: 2. 7. PLACAS DE IDENTIFICAÇÃO DE EXERCÍCIO PROFISSIONAL EM OBRAS | E30: =D30*B30 -> 0 | G30: =F30*B30 -> 0 | H30: =+D30+F30 -> 0 | I30: =E30+G30 -> 0 | J30: =K30*I30 -> #VALUE! | K30: =$K$12 -> XX% | L30: =I30+J30 -> #VALUE!
A31: .1 PLACA DE OBRA-PINTADA/FIXADA ESTRUTURA DE MADEIRA | B31: 2.03 | C31: M2 | E31: =D31*B31 -> 0 | G31: =F31*B31 -> 0 | H31: =+D31+F31 -> 0 | I31: =E31+G31 -> 0 | J31: =K31*I31 -> #VALUE! | K31: =$K$12 -> XX% | L31: =I31+J31 -> #VALUE!
A32: 2. 8. DEMOLIÇÕES E REMOÇÕES | E32: =D32*B32 -> 0 | G32: =F32*B32 -> 0 | H32: =+D32+F32 -> 0 | I32: =E32+G32 -> 0 | J32: =K32*I32 -> #VALUE! | K32: =$K$12 -> XX% | L32: =I32+J32 -> #VALUE!
A33: 2. 8. 2. DEMOLIÇÃO DE ALVENARIA DE TIJOLOS | E33: =D33*B33 -> 0 | G33: =F33*B33 -> 0 | H33: =+D33+F33 -> 0 | I33: =E33+G33 -> 0 | J33: =K33*I33 -> #VALUE! | K33: =$K$12 -> XX% | L33: =I33+J33 -> #VALUE!
A34: .1 DEMOLICAO DE ALVENARIA DE TIJOLOS | B34: 107.83 | C34: M3 | E34: =D34*B34 -> 0 | G34: =F34*B34 -> 0 | H34: =+D34+F34 -> 0 | I34: =E34+G34 -> 0 | J34: =K34*I34 -> #VALUE! | K34: =$K$12 -> XX% | L34: =I34+J34 -> #VALUE!
A35: 2. 8. 3. REMOÇÃO DE ESQUADRIAS DE ALUMÍNIO | E35: =D35*B35 -> 0 | G35: =F35*B35 -> 0 | H35: =+D35+F35 -> 0 | I35: =E35+G35 -> 0 | J35: =K35*I35 -> #VALUE! | K35: =$K$12 -> XX% | L35: =I35+J35 -> #VALUE!
A36: .1 RETIRADA DE ESQUADRIAS | B36: 80 | C36: M2 | E36: =D36*B36 -> 0 | G36: =F36*B36 -> 0 | H36: =+D36+F36 -> 0 | I36: =E36+G36 -> 0 | J36: =K36*I36 -> #VALUE! | K36: =$K$12 -> XX% | L36: =I36+J36 -> #VALUE!
A37: 2. 8. 4. REMOÇÃO DE INSTALAÇÕES ELÉTRICAS | E37: =D37*B37 -> 0 | G37: =F37*B37 -> 0 | H37: =+D37+F37 -> 0 | I37: =E37+G37 -> 0 | J37: =K37*I37 -> #VALUE! | K37: =$K$12 -> XX% | L37: =I37+J37 -> #VALUE!
A38: .1 REMOÇÃO DE INTERRUPTORES E TOMADAS, INCL. CX. | B38: 47 | C38: PÇ | E38: =D38*B38 -> 0 | G38: =F38*B38 -> 0 | H38: =+D38+F38 -> 0 | I38: =E38+G38 -> 0 | J38: =K38*I38 -> #VALUE! | K38: =$K$12 -> XX% | L38: =I38+J38 -> #VALUE!
A39: .2 REMOÇÃO DE LUMINÁRIAS | B39: 25 | C39: PÇ | E39: =D39*B39 -> 0 | G39: =F39*B39 -> 0 | H39: =+D39+F39 -> 0 | I39: =E39+G39 -> 0 | J39: =K39*I39 -> #VALUE! | K39: =$K$12 -> XX% | L39: =I39+J39 -> #VALUE!
A40: .3 REMOÇÃO DE ELETRODUTOS (APARENTES) | B40: 108 | C40: M | E40: =D40*B40 -> 0 | G40: =F40*B40 -> 0 | H40: =+D40+F40 -> 0 | I40: =E40+G40 -> 0 | J40: =K40*I40 -> #VALUE! | K40: =$K$12 -> XX% | L40: =I40+J40 -> #VALUE!
A41: .4 REMOÇÃO DE CABEAMENTO ELÉTRICO (#1,5/#2,5MM²) | B41: 656 | C41: M | E41: =D41*B41 -> 0 | G41: =F41*B41 -> 0 | H41: =+D41+F41 -> 0 | I41: =E41+G41 -> 0 | J41: =K41*I41 -> #VALUE! | K41: =$K$12 -> XX% | L41: =I41+J41 -> #VALUE!
A42: .5 REMOÇÃO DE PERFILADOS E ACESSÓRIOS | B42: 30 | C42: M | E42: =D42*B42 -> 0 | G42: =F42*B42 -> 0 | H42: =+D42+F42 -> 0 | I42: =E42+G42 -> 0 | J42: =K42*I42 -> #VALUE! | K42: =$K$12 -> XX% | L42: =I42+J42 -> #VALUE!
A43: 2. 8. 7. DEMOLIÇÃO E REMOÇÃO DE PISOS | E43: =D43*B43 -> 0 | G43: =F43*B43 -> 0 | H43: =+D43+F43 -> 0 | I43: =E43+G43 -> 0 | J43: =K43*I43 -> #VALUE! | K43: =$K$12 -> XX% | L43: =I43+J43 -> #VALUE!
A44: .1 DEMOLICAO DE PISO CIMENTADO | B44: 125.14 | C44: M2 | E44: =D44*B44 -> 0 | G44: =F44*B44 -> 0 | H44: =+D44+F44 -> 0 | I44: =E44+G44 -> 0 | J44: =K44*I44 -> #VALUE! | K44: =$K$12 -> XX% | L44: =I44+J44 -> #VALUE!
A45: .2 DEMOLICAO DE PISO CERÂMICO | B45: 403.78 | C45: M2 | E45: =D45*B45 -> 0 | G45: =F45*B45 -> 0 | H45: =+D45+F45 -> 0 | I45: =E45+G45 -> 0 | J45: =K45*I45 -> #VALUE! | K45: =$K$12 -> XX% | L45: =I45+J45 -> #VALUE!
A46: 2. 8. 9. DEMOLIÇÃO DE CONCRETO | E46: =D46*B46 -> 0 | G46: =F46*B46 -> 0 | H46: =+D46+F46 -> 0 | I46: =E46+G46 -> 0 | J46: =K46*I46 -> #VALUE! | K46: =$K$12 -> XX% | L46: =I46+J46 -> #VALUE!
A47: .1 DEMOLICAO DE CONCRETO ARMADO COM REMOCAO | B47: 87.44 | C47: M3 | E47: =D47*B47 -> 0 | G47: =F47*B47 -> 0 | H47: =+D47+F47 -> 0 | I47: =E47+G47 -> 0 | J47: =K47*I47 -> #VALUE! | K47: =$K$12 -> XX% | L47: =I47+J47 -> #VALUE!
A48: 2. 8.11. REMOÇÃO DE INSTALAÇÕES HIDROSSANITÁRIAS | E48: =D48*B48 -> 0 | G48: =F48*B48 -> 0 | H48: =+D48+F48 -> 0 | I48: =E48+G48 -> 0 | J48: =K48*I48 -> #VALUE! | K48: =$K$12 -> XX% | L48: =I48+J48 -> #VALUE!
A49: .1 RETIRADA DE APARELHOS SANITARIOS | B49: 12 | C49: UN | E49: =D49*B49 -> 0 | G49: =F49*B49 -> 0 | H49: =+D49+F49 -> 0 | I49: =E49+G49 -> 0 | J49: =K49*I49 -> #VALUE! | K49: =$K$12 -> XX% | L49: =I49+J49 -> #VALUE!
A50: .2 RETIRADA DE TUBULAÇÃO HIDROSSANIT. APARENTE COM CONEXÕES | B50: 100 | C50: M | E50: =D50*B50 -> 0 | G50: =F50*B50 -> 0 | H50: =+D50+F50 -> 0 | I50: =E50+G50 -> 0 | J50: =K50*I50 -> #VALUE! | K50: =$K$12 -> XX% | L50: =I50+J50 -> #VALUE!
A51: 2. 8.12. REMOÇÃO DE RODAPÉS | E51: =D51*B51 -> 0 | G51: =F51*B51 -> 0 | H51: =+D51+F51 -> 0 | I51: =E51+G51 -> 0 | J51: =K51*I51 -> #VALUE! | K51: =$K$12 -> XX% | L51: =I51+J51 -> #VALUE!
A52: .1 REMOÇÃO DE RODAPÉS | B52: 59.62 | C52: M | E52: =D52*B52 -> 0 | G52: =F52*B52 -> 0 | H52: =+D52+F52 -> 0 | I52: =E52+G52 -> 0 | J52: =K52*I52 -> #VALUE! | K52: =$K$12 -> XX% | L52: =I52+J52 -> #VALUE!
A53: 2. 8.13. REMOÇÃO DE ESQUADRIAS DE MADEIRA | E53: =D53*B53 -> 0 | G53: =F53*B53 -> 0 | H53: =+D53+F53 -> 0 | I53: =E53+G53 -> 0 | J53: =K53*I53 -> #VALUE! | K53: =$K$12 -> XX% | L53: =I53+J53 -> #VALUE!
A54: .1 RETIRADA DE ESQUADRIAS | B54: 29.19 | C54: M2 | E54: =D54*B54 -> 0 | G54: =F54*B54 -> 0 | H54: =+D54+F54 -> 0 | I54: =E54+G54 -> 0 | J54: =K54*I54 -> #VALUE! | K54: =$K$12 -> XX% | L54: =I54+J54 -> #VALUE!
A55: 2. 8.14. DEMOLIÇÃO DE CONTRAPISO | E55: =D55*B55 -> 0 | G55: =F55*B55 -> 0 | H55: =+D55+F55 -> 0 | I55: =E55+G55 -> 0 | J55: =K55*I55 -> #VALUE! | K55: =$K$12 -> XX% | L55: =I55+J55 -> #VALUE!
A56: .1 DEMOLIÇÃO DE CONCRETO SIMPLES COM REMOÇÃO | B56: 19.59 | C56: M3 | E56: =D56*B56 -> 0 | G56: =F56*B56 -> 0 | H56: =+D56+F56 -> 0 | I56: =E56+G56 -> 0 | J56: =K56*I56 -> #VALUE! | K56: =$K$12 -> XX% | L56: =I56+J56 -> #VALUE!
A57: 2. 8.16. REMOÇÃO DE COBERTURA | E57: =D57*B57 -> 0 | G57: =F57*B57 -> 0 | H57: =+D57+F57 -> 0 | I57: =E57+G57 -> 0 | J57: =K57*I57 -> #VALUE! | K57: =$K$12 -> XX% | L57: =I57+J57 -> #VALUE!
A58: .1 DEMOLICAO DE COBERTURA COM TELHAS DE ZINCO | B58: 810.48 | C58: M2 | E58: =D58*B58 -> 0 | G58: =F58*B58 -> 0 | H58: =+D58+F58 -> 0 | I58: =E58+G58 -> 0 | J58: =K58*I58 -> #VALUE! | K58: =$K$12 -> XX% | L58: =I58+J58 -> #VALUE!
A59: .2 DEMOLICAO DE ESTRUTURA DE TELHADO | B59: 810.48 | C59: M2 | E59: =D59*B59 -> 0 | G59: =F59*B59 -> 0 | H59: =+D59+F59 -> 0 | I59: =E59+G59 -> 0 | J59: =K59*I59 -> #VALUE! | K59: =$K$12 -> XX% | L59: =I59+J59 -> #VALUE!
A60: 2. 8.18. REMOÇÃO DE FORRO | E60: =D60*B60 -> 0 | G60: =F60*B60 -> 0 | H60: =+D60+F60 -> 0 | I60: =E60+G60 -> 0 | J60: =K60*I60 -> #VALUE! | K60: =$K$12 -> XX% | L60: =I60+J60 -> #VALUE!
A61: .1 RETIRADA DE FORRO DE FIBROCIMENTO | B61: 2 | C61: M2 | E61: =D61*B61 -> 0 | G61: =F61*B61 -> 0 | H61: =+D61+F61 -> 0 | I61: =E61+G61 -> 0 | J61: =K61*I61 -> #VALUE! | K61: =$K$12 -> XX% | L61: =I61+J61 -> #VALUE!
A62: .2 REMOÇÃO E RECOLOCAÇÃO DE FORRO DE FIBROCIMENTO | B62: 111 | C62: M2 | E62: =D62*B62 -> 0 | G62: =F62*B62 -> 0 | H62: =+D62+F62 -> 0 | I62: =E62+G62 -> 0 | J62: =K62*I62 -> #VALUE! | K62: =$K$12 -> XX% | L62: =I62+J62 -> #VALUE!
A63: 2. 8.21. REMOÇÃO DE CORRIMÃO E GUARDA-CORPO | E63: =D63*B63 -> 0 | G63: =F63*B63 -> 0 | H63: =+D63+F63 -> 0 | I63: =E63+G63 -> 0 | J63: =K63*I63 -> #VALUE! | K63: =$K$12 -> XX% | L63: =I63+J63 -> #VALUE!
A64: .1 REMOÇÃO DE CORRIMÃO E GUARDA-CORPO | B64: 96.98 | C64: M | E64: =D64*B64 -> 0 | G64: =F64*B64 -> 0 | H64: =+D64+F64 -> 0 | I64: =E64+G64 -> 0 | J64: =K64*I64 -> #VALUE! | K64: =$K$12 -> XX% | L64: =I64+J64 -> #VALUE!
A65: 2. 8.22. REMOÇÃO DE ESQUADRIAS DE FERRO | E65: =D65*B65 -> 0 | G65: =F65*B65 -> 0 | H65: =+D65+F65 -> 0 | I65: =E65+G65 -> 0 | J65: =K65*I65 -> #VALUE! | K65: =$K$12 -> XX% | L65: =I65+J65 -> #VALUE!
A66: .1 RETIRADA DE ESQUADRIAS | B66: 194.8 | C66: M2 | E66: =D66*B66 -> 0 | G66: =F66*B66 -> 0 | H66: =+D66+F66 -> 0 | I66: =E66+G66 -> 0 | J66: =K66*I66 -> #VALUE! | K66: =$K$12 -> XX% | L66: =I66+J66 -> #VALUE!
A67: 2. 8.24. REMOÇÃO DE INSTALAÇÕES DE PREVENÇÃO CONTRA INCÊNDIO | E67: =D67*B67 -> 0 | G67: =F67*B67 -> 0 | H67: =+D67+F67 -> 0 | I67: =E67+G67 -> 0 | J67: =K67*I67 -> #VALUE! | K67: =$K$12 -> XX% | L67: =I67+J67 -> #VALUE!
A68: .1 RETIRADA DE TUBULAÇÃO DE FERRO GALVANIZADO | B68: 77.4 | C68: M | E68: =D68*B68 -> 0 | G68: =F68*B68 -> 0 | H68: =+D68+F68 -> 0 | I68: =E68+G68 -> 0 | J68: =K68*I68 -> #VALUE! | K68: =$K$12 -> XX% | L68: =I68+J68 -> #VALUE!
A69: 2. 8.25. REMOÇÃO DE DIVISÓRIAS | E69: =D69*B69 -> 0 | G69: =F69*B69 -> 0 | H69: =+D69+F69 -> 0 | I69: =E69+G69 -> 0 | J69: =K69*I69 -> #VALUE! | K69: =$K$12 -> XX% | L69: =I69+J69 -> #VALUE!
A70: .1 DESMONTAGEM DE DIVISORIAS LEVES | B70: 197.13 | C70: M2 | E70: =D70*B70 -> 0 | G70: =F70*B70 -> 0 | H70: =+D70+F70 -> 0 | I70: =E70+G70 -> 0 | J70: =K70*I70 -> #VALUE! | K70: =$K$12 -> XX% | L70: =I70+J70 -> #VALUE!
A71: 2. 8.29. REMOÇÃO DE SOLEIRAS | E71: =D71*B71 -> 0 | G71: =F71*B71 -> 0 | H71: =+D71+F71 -> 0 | I71: =E71+G71 -> 0 | J71: =K71*I71 -> #VALUE! | K71: =$K$12 -> XX% | L71: =I71+J71 -> #VALUE!
A72: .1 REMOÇÃO DE SOLEIRAS | B72: 1.63 | C72: M2 | E72: =D72*B72 -> 0 | G72: =F72*B72 -> 0 | H72: =+D72+F72 -> 0 | I72: =E72+G72 -> 0 | J72: =K72*I72 -> #VALUE! | K72: =$K$12 -> XX% | L72: =I72+J72 -> #VALUE!
A73: 2. 8.30. REMOÇÃO DE ESCADAS | E73: =D73*B73 -> 0 | G73: =F73*B73 -> 0 | H73: =+D73+F73 -> 0 | I73: =E73+G73 -> 0 | J73: =K73*I73 -> #VALUE! | K73: =$K$12 -> XX% | L73: =I73+J73 -> #VALUE!
A74: .1 DESMONTAGEM DE ESCADA METÁLICA - PERFIS METÁLICOS E DEGRAUS | B74: 1 | C74: UN | E74: =D74*B74 -> 0 | G74: =F74*B74 -> 0 | H74: =+D74+F74 -> 0 | I74: =E74+G74 -> 0 | J74: =K74*I74 -> #VALUE! | K74: =$K$12 -> XX% | L74: =I74+J74 -> #VALUE!
A75: 2. 8.31. REMOÇÃO DE ESTRUTURA METÁLICA | E75: =D75*B75 -> 0 | G75: =F75*B75 -> 0 | H75: =+D75+F75 -> 0 | I75: =E75+G75 -> 0 | J75: =K75*I75 -> #VALUE! | K75: =$K$12 -> XX% | L75: =I75+J75 -> #VALUE!
A76: .1 DESMONTAGEM DE ESTRUTURA METALICA | B76: 13.65 | C76: M2 | E76: =D76*B76 -> 0 | G76: =F76*B76 -> 0 | H76: =+D76+F76 -> 0 | I76: =E76+G76 -> 0 | J76: =K76*I76 -> #VALUE! | K76: =$K$12 -> XX% | L76: =I76+J76 -> #VALUE!
A77: 2. 8.33. RETIRADA DE REVESTIMENTO DE ARGAMASSA | E77: =D77*B77 -> 0 | G77: =F77*B77 -> 0 | H77: =+D77+F77 -> 0 | I77: =E77+G77 -> 0 | J77: =K77*I77 -> #VALUE! | K77: =$K$12 -> XX% | L77: =I77+J77 -> #VALUE!
A78: .1 DEMOLICAO DE REVESTIMENTO DE ARGAMASSA | B78: 387.02 | C78: M2 | E78: =D78*B78 -> 0 | G78: =F78*B78 -> 0 | H78: =+D78+F78 -> 0 | I78: =E78+G78 -> 0 | J78: =K78*I78 -> #VALUE! | K78: =$K$12 -> XX% | L78: =I78+J78 -> #VALUE!
A79: 2. 8.35. RETIRADA DE TAMPO DE GRANITO | E79: =D79*B79 -> 0 | G79: =F79*B79 -> 0 | H79: =+D79+F79 -> 0 | I79: =E79+G79 -> 0 | J79: =K79*I79 -> #VALUE! | K79: =$K$12 -> XX% | L79: =I79+J79 -> #VALUE!
A80: .1 RETIRADA DE TAMPO DE GRANITO | B80: 0.29 | C80: M2 | E80: =D80*B80 -> 0 | G80: =F80*B80 -> 0 | H80: =+D80+F80 -> 0 | I80: =E80+G80 -> 0 | J80: =K80*I80 -> #VALUE! | K80: =$K$12 -> XX% | L80: =I80+J80 -> #VALUE!
A81: 2. 8.36. REMOÇÃO DE EQUIPAMENTOS | E81: =D81*B81 -> 0 | G81: =F81*B81 -> 0 | H81: =+D81+F81 -> 0 | I81: =E81+G81 -> 0 | J81: =K81*I81 -> #VALUE! | K81: =$K$12 -> XX% | L81: =I81+J81 -> #VALUE!
A82: .1 REMOÇÃO DE EQUIPAMENTOS | B82: 3 | C82: UN | E82: =D82*B82 -> 0 | G82: =F82*B82 -> 0 | H82: =+D82+F82 -> 0 | I82: =E82+G82 -> 0 | J82: =K82*I82 -> #VALUE! | K82: =$K$12 -> XX% | L82: =I82+J82 -> #VALUE!
A83: 2. 8.37. REMOÇÃO DE CABEAMENTO ESTRUTURADO | E83: =D83*B83 -> 0 | G83: =F83*B83 -> 0 | H83: =+D83+F83 -> 0 | I83: =E83+G83 -> 0 | J83: =K83*I83 -> #VALUE! | K83: =$K$12 -> XX% | L83: =I83+J83 -> #VALUE!
A84: .1 REMOÇÃO DE TOMADAS RJ-45, INCL. CX. | B84: 9 | C84: PÇ | E84: =D84*B84 -> 0 | G84: =F84*B84 -> 0 | H84: =+D84+F84 -> 0 | I84: =E84+G84 -> 0 | J84: =K84*I84 -> #VALUE! | K84: =$K$12 -> XX% | L84: =I84+J84 -> #VALUE!
A85: .2 REMOÇÃO DE ELETRODUTOS (APARENTES) | B85: 19 | C85: M | E85: =D85*B85 -> 0 | G85: =F85*B85 -> 0 | H85: =+D85+F85 -> 0 | I85: =E85+G85 -> 0 | J85: =K85*I85 -> #VALUE! | K85: =$K$12 -> XX% | L85: =I85+J85 -> #VALUE!
A86: .3 REMOÇÃO DE CABEAMENTO CAT-6 | B86: 35 | C86: M | E86: =D86*B86 -> 0 | G86: =F86*B86 -> 0 | H86: =+D86+F86 -> 0 | I86: =E86+G86 -> 0 | J86: =K86*I86 -> #VALUE! | K86: =$K$12 -> XX% | L86: =I86+J86 -> #VALUE!
A87: 2. 9. LOCAÇÃO DA OBRA | E87: =D87*B87 -> 0 | G87: =F87*B87 -> 0 | H87: =+D87+F87 -> 0 | I87: =E87+G87 -> 0 | J87: =K87*I87 -> #VALUE! | K87: =$K$12 -> XX% | L87: =I87+J87 -> #VALUE!
A88: .1 LOCACAO DE OBRA POR M2 CONSTRUIDO | B88: 2670.72 | C88: M2 | E88: =D88*B88 -> 0 | G88: =F88*B88 -> 0 | H88: =+D88+F88 -> 0 | I88: =E88+G88 -> 0 | J88: =K88*I88 -> #VALUE! | K88: =$K$12 -> XX% | L88: =I88+J88 -> #VALUE!
A89: 2.10. TRANSPORTES | E89: =D89*B89 -> 0 | G89: =F89*B89 -> 0 | H89: =+D89+F89 -> 0 | I89: =E89+G89 -> 0 | J89: =K89*I89 -> #VALUE! | K89: =$K$12 -> XX% | L89: =I89+J89 -> #VALUE!
A90: .1 CARGA MANUAL E TRANSPORTE ENTULHO-CAMINHAO 10KM | B90: 360.99 | C90: M3 | E90: =D90*B90 -> 0 | G90: =F90*B90 -> 0 | H90: =+D90+F90 -> 0 | I90: =E90+G90 -> 0 | J90: =K90*I90 -> #VALUE! | K90: =$K$12 -> XX% | L90: =I90+J90 -> #VALUE!
A91: 2.11. LIMPEZA PERMANENTE DA OBRA | E91: =D91*B91 -> 0 | G91: =F91*B91 -> 0 | H91: =+D91+F91 -> 0 | I91: =E91+G91 -> 0 | J91: =K91*I91 -> #VALUE! | K91: =$K$12 -> XX% | L91: =I91+J91 -> #VALUE!
A92: .1 LIMPEZA PERMANENTE DA OBRA | B92: 2670.72 | C92: M2 | E92: =D92*B92 -> 0 | G92: =F92*B92 -> 0 | H92: =+D92+F92 -> 0 | I92: =E92+G92 -> 0 | J92: =K92*I92 -> #VALUE! | K92: =$K$12 -> XX% | L92: =I92+J92 -> #VALUE!
A93: 2.12. MÁQUINAS, EQUIPAMENTOS E FERRAMENTAS | E93: =D93*B93 -> 0 | G93: =F93*B93 -> 0 | H93: =+D93+F93 -> 0 | I93: =E93+G93 -> 0 | J93: =K93*I93 -> #VALUE! | K93: =$K$12 -> XX% | L93: =I93+J93 -> #VALUE!
A94: .1 ANDAIME METALICO P/FACHADA- 2-4 PAV. - LOCAÇÃO MES | B94: 12 | C94: MS | E94: =D94*B94 -> 0 | G94: =F94*B94 -> 0 | H94: =+D94+F94 -> 0 | I94: =E94+G94 -> 0 | J94: =K94*I94 -> #VALUE! | K94: =$K$12 -> XX% | L94: =I94+J94 -> #VALUE!
A95: .2 ANDAIME INTERNO SOBRE CAVALETES - LOCAÇÃO MES | B95: 11 | C95: MS | E95: =D95*B95 -> 0 | G95: =F95*B95 -> 0 | H95: =+D95+F95 -> 0 | I95: =E95+G95 -> 0 | J95: =K95*I95 -> #VALUE! | K95: =$K$12 -> XX% | L95: =I95+J95 -> #VALUE!
A96: 3. MOVIMENTO DE TERRA | M96: =SUM(L97:L106) -> #VALUE!
A97: 3. 1. ESCAVAÇÕES | E97: =D97*B97 -> 0 | G97: =F97*B97 -> 0 | H97: =+D97+F97 -> 0 | I97: =E97+G97 -> 0 | J97: =K97*I97 -> #VALUE! | K97: =$K$12 -> XX% | L97: =I97+J97 -> #VALUE!
A98: .1 ESCAVACAO MANUAL DE VALAS EM AREIA, ATE 2 M | B98: 186.23 | C98: M3 | E98: =D98*B98 -> 0 | G98: =F98*B98 -> 0 | H98: =+D98+F98 -> 0 | I98: =E98+G98 -> 0 | J98: =K98*I98 -> #VALUE! | K98: =$K$12 -> XX% | L98: =I98+J98 -> #VALUE!
A99: 3. 2. ATERROS | E99: =D99*B99 -> 0 | G99: =F99*B99 -> 0 | H99: =+D99+F99 -> 0 | I99: =E99+G99 -> 0 | J99: =K99*I99 -> #VALUE! | K99: =$K$12 -> XX% | L99: =I99+J99 -> #VALUE!
A100: 3. 2. 1. NIVELAMENTO E COMPACTAÇÃO DO TERRENO | E100: =D100*B100 -> 0 | G100: =F100*B100 -> 0 | H100: =+D100+F100 -> 0 | I100: =E100+G100 -> 0 | J100: =K100*I100 -> #VALUE! | K100: =$K$12 -> XX% | L100: =I100+J100 -> #VALUE!
A101: .1 NIVELAMENTO E COMPACTACAO MANUAL DE ATERRO | B101: 463.34 | C101: M2 | E101: =D101*B101 -> 0 | G101: =F101*B101 -> 0 | H101: =+D101+F101 -> 0 | I101: =E101+G101 -> 0 | J101: =K101*I101 -> #VALUE! | K101: =$K$12 -> XX% | L101: =I101+J101 -> #VALUE!
A102: .2 REATERRO MANUAL DE VALAS COM BRITA | B102: 13.69 | C102: M3 | E102: =D102*B102 -> 0 | G102: =F102*B102 -> 0 | H102: =+D102+F102 -> 0 | I102: =E102+G102 -> 0 | J102: =K102*I102 -> #VALUE! | K102: =$K$12 -> XX% | L102: =I102+J102 -> #VALUE!
A103: 3. 2. 2. REATERRO E COMPACTAÇÃO MANUAL DE VALAS | E103: =D103*B103 -> 0 | G103: =F103*B103 -> 0 | H103: =+D103+F103 -> 0 | I103: =E103+G103 -> 0 | J103: =K103*I103 -> #VALUE! | K103: =$K$12 -> XX% | L103: =I103+J103 -> #VALUE!
A104: .1 REATERRO MANUAL DE VALAS COM MATERIAL LOCAL | B104: 141.9 | C104: M3 | E104: =D104*B104 -> 0 | G104: =F104*B104 -> 0 | H104: =+D104+F104 -> 0 | I104: =E104+G104 -> 0 | J104: =K104*I104 -> #VALUE! | K104: =$K$12 -> XX% | L104: =I104+J104 -> #VALUE!
A105: 3. 3. REATERRO DE CAVAS DE FUNDAÇÃO | E105: =D105*B105 -> 0 | G105: =F105*B105 -> 0 | H105: =+D105+F105 -> 0 | I105: =E105+G105 -> 0 | J105: =K105*I105 -> #VALUE! | K105: =$K$12 -> XX% | L105: =I105+J105 -> #VALUE!
A106: .1 REATERRO MANUAL DE VALAS COM MATERIAL LOCAL | B106: 27.4 | C106: M3 | E106: =D106*B106 -> 0 | G106: =F106*B106 -> 0 | H106: =+D106+F106 -> 0 | I106: =E106+G106 -> 0 | J106: =K106*I106 -> #VALUE! | K106: =$K$12 -> XX% | L106: =I106+J106 -> #VALUE!
...

Sheet Cronograma mais equilibrado
A1: INCLUIR LOGOTIPO DA EMPRESA
A6: DADOS DA EMPRESA
A7: DADOS DA EMPRESA
A8: DADOS DA EMPRESA
A11: Obra: Reforma e Adaptação do Prédio do Câmpus Santana do Livramento – Etapa 2 | D11: Endereço: Av. Paul Harris, nº 410, Bairro Centro
A12: Cliente: Instituto Federal Sul-Rio-Grandense | D12: Cidade: Santana do Livramento - RS
A14: ITEM | B14: 30 dias | D14: 60 dias | F14: 90 dias | H14: 120 dias | J14: 150 dias | L14: 180 dias | N14: 210 dias | P14: 240 dias | R14: 270 dias | T14: 300 dias | V14: 330 dias | X14: 360 dias | Z14: 390 dias | AB14: 420 dias | AD14: 450 dias | AF14: 480 dias | AH14: 510 dias | AJ14: 540 dias | AL14: TOTAL
B15: VALOR | C15: % | D15: VALOR | E15: % | F15: VALOR | G15: % | H15: VALOR | I15: % | J15: VALOR | K15: % | L15: VALOR | M15: % | N15: VALOR | O15: % | P15: VALOR | Q15: % | R15: VALOR | S15: % | T15: VALOR | U15: % | V15: VALOR | W15: % | X15: VALOR | Y15: % | AL15: VALOR | AM15: %
A16: 1. PROJETOS | B16: =C16*$AL16 -> #VALUE! | C16: XX% | D16: =E16*$AL16 -> #VALUE! | E16: XX% | F16: =G16*$AL16 -> #VALUE! | G16: XX% | H16: =I16*$AL16 -> #VALUE! | I16: XX% | J16: =K16*$AL16 -> #VALUE! | K16: XX% | L16: =M16*$AL16 -> #VALUE! | M16: XX% | N16: =O16*$AL16 -> #VALUE! | O16: XX% | P16: =Q16*$AL16 -> #VALUE! | Q16: XX% | R16: =S16*$AL16 -> #VALUE! | S16: XX% | T16: =U16*$AL16 -> #VALUE! | U16: XX% | V16: =W16*$AL16 -> #VALUE! | W16: XX% | X16: =Y16*$AL16 -> #VALUE! | Y16: XX% | Z16: =AA16*$AL16 -> #VALUE! | AA16: XX% | AB16: =AC16*$AL16 -> #VALUE! | AC16: XX% | AD16: =AE16*$AL16 -> #VALUE! | AE16: XX% | AF16: =AG16*$AL16 -> #VALUE! | AG16: XX% | AH16: =AI16*$AL16 -> #VALUE! | AI16: XX% | AJ16: =AK16*$AL16 -> #VALUE! | AK16: XX% | AL16: =Orçamento!M16 -> #VALUE! | AM16: =C16+E16+G16+I16+K16+M16+O16+Q16+S16+U16+W16+Y16+AA16+AC16+AE16+AG16+AI16+AK16 -> #VALUE!
A17: 2. SERVIÇOS PRELIMINARES / TÉCNICOS | B17: =C17*$AL17 -> #VALUE! | C17: XX% | D17: =E17*$AL17 -> #VALUE! | E17: XX% | F17: =G17*$AL17 -> #VALUE! | G17: XX% | H17: =I17*$AL17 -> #VALUE! | I17: XX% | J17: =K17*$AL17 -> #VALUE! | K17: XX% | L17: =M17*$AL17 -> #VALUE! | M17: XX% | N17: =O17*$AL17 -> #VALUE! | O17: XX% | P17: =Q17*$AL17 -> #VALUE! | Q17: XX% | R17: =S17*$AL17 -> #VALUE! | S17: XX% | T17: =U17*$AL17 -> #VALUE! | U17: XX% | V17: =W17*$AL17 -> #VALUE! | W17: XX% | X17: =Y17*$AL17 -> #VALUE! | Y17: XX% | Z17: =AA17*$AL17 -> #VALUE! | AA17: XX% | AB17: =AC17*$AL17 -> #VALUE! | AC17: XX% | AD17: =AE17*$AL17 -> #VALUE! | AE17: XX% | AF17: =AG17*$AL17 -> #VALUE! | AG17: XX% | AH17: =AI17*$AL17 -> #VALUE! | AI17: XX% | AJ17: =AK17*$AL17 -> #VALUE! | AK17: XX% | AL17: =Orçamento!M19 -> #VALUE! | AM17: =C17+E17+G17+I17+K17+M17+O17+Q17+S17+U17+W17+Y17+AA17+AC17+AE17+AG17+AI17+AK17 -> #VALUE! | AW17: =B17+D17 -> #VALUE! | AX17: =AL17-AW17 -> #VALUE!
A18: 3. MOVIMENTO DE TERRA | B18: =C18*$AL18 -> #VALUE! | C18: XX% | D18: =E18*$AL18 -> #VALUE! | E18: XX% | F18: =G18*$AL18 -> #VALUE! | G18: XX% | H18: =I18*$AL18 -> #VALUE! | I18: XX% | J18: =K18*$AL18 -> #VALUE! | K18: XX% | L18: =M18*$AL18 -> #VALUE! | M18: XX% | N18: =O18*$AL18 -> #VALUE! | O18: XX% | P18: =Q18*$AL18 -> #VALUE! | Q18: XX% | R18: =S18*$AL18 -> #VALUE! | S18: XX% | T18: =U18*$AL18 -> #VALUE! | U18: XX% | V18: =W18*$AL18 -> #VALUE! | W18: XX% | X18: =Y18*$AL18 -> #VALUE! | Y18: XX% | Z18: =AA18*$AL18 -> #VALUE! | AA18: XX% | AB18: =AC18*$AL18 -> #VALUE! | AC18: XX% | AD18: =AE18*$AL18 -> #VALUE! | AE18: XX% | AF18: =AG18*$AL18 -> #VALUE! | AG18: XX% | AH18: =AI18*$AL18 -> #VALUE! | AI18: XX% | AJ18: =AK18*$AL18 -> #VALUE! | AK18: XX% | AL18: =Orçamento!M96 -> #VALUE! | AM18: =C18+E18+G18+I18+K18+M18+O18+Q18+S18+U18+W18+Y18+AA18+AC18+AE18+AG18+AI18+AK18 -> #VALUE!
A19: 4. INFRA-ESTRUTURA / FUNDAÇÕES SIMPLES | B19: =C19*$AL19 -> #VALUE! | C19: XX% | D19: =E19*$AL19 -> #VALUE! | E19: XX% | F19: =G19*$AL19 -> #VALUE! | G19: XX% | H19: =I19*$AL19 -> #VALUE! | I19: XX% | J19: =K19*$AL19 -> #VALUE! | K19: XX% | L19: =M19*$AL19 -> #VALUE! | M19: XX% | N19: =O19*$AL19 -> #VALUE! | O19: XX% | P19: =Q19*$AL19 -> #VALUE! | Q19: XX% | R19: =S19*$AL19 -> #VALUE! | S19: XX% | T19: =U19*$AL19 -> #VALUE! | U19: XX% | V19: =W19*$AL19 -> #VALUE! | W19: XX% | X19: =Y19*$AL19 -> #VALUE! | Y19: XX% | Z19: =AA19*$AL19 -> #VALUE! | AA19: XX% | AB19: =AC19*$AL19 -> #VALUE! | AC19: XX% | AD19: =AE19*$AL19 -> #VALUE! | AE19: XX% | AF19: =AG19*$AL19 -> #VALUE! | AG19: XX% | AH19: =AI19*$AL19 -> #VALUE! | AI19: XX% | AJ19: =AK19*$AL19 -> #VALUE! | AK19: XX% | AL19: =Orçamento!M107 -> #VALUE! | AM19: =C19+E19+G19+I19+K19+M19+O19+Q19+S19+U19+W19+Y19+AA19+AC19+AE19+AG19+AI19+AK19 -> #VALUE!
A20: 6. SUPERESTRUTURA | B20: =C20*$AL20 -> #VALUE! | C20: XX% | D20: =E20*$AL20 -> #VALUE! | E20: XX% | F20: =G20*$AL20 -> #VALUE! | G20: XX% | H20: =I20*$AL20 -> #VALUE! | I20: XX% | J20: =K20*$AL20 -> #VALUE! | K20: XX% | L20: =M20*$AL20 -> #VALUE! | M20: XX% | N20: =O20*$AL20 -> #VALUE! | O20: XX% | P20: =Q20*$AL20 -> #VALUE! | Q20: XX% | R20: =S20*$AL20 -> #VALUE! | S20: XX% | T20: =U20*$AL20 -> #VALUE! | U20: XX% | V20: =W20*$AL20 -> #VALUE! | W20: XX% | X20: =Y20*$AL20 -> #VALUE! | Y20: XX% | Z20: =AA20*$AL20 -> #VALUE! | AA20: XX% | AB20: =AC20*$AL20 -> #VALUE! | AC20: XX% | AD20: =AE20*$AL20 -> #VALUE! | AE20: XX% | AF20: =AG20*$AL20 -> #VALUE! | AG20: XX% | AH20: =AI20*$AL20 -> #VALUE! | AI20: XX% | AJ20: =AK20*$AL20 -> #VALUE! | AK20: XX% | AL20: =Orçamento!M132 -> #VALUE! | AM20: =C20+E20+G20+I20+K20+M20+O20+Q20+S20+U20+W20+Y20+AA20+AC20+AE20+AG20+AI20+AK20 -> #VALUE!
A21: 7. ALVENARIA / VEDAÇÃO / DIVISÓRIA | B21: =C21*$AL21 -> #VALUE! | C21: XX% | D21: =E21*$AL21 -> #VALUE! | E21: XX% | F21: =G21*$AL21 -> #VALUE! | G21: XX% | H21: =I21*$AL21 -> #VALUE! | I21: XX% | J21: =K21*$AL21 -> #VALUE! | K21: XX% | L21: =M21*$AL21 -> #VALUE! | M21: XX% | N21: =O21*$AL21 -> #VALUE! | O21: XX% | P21: =Q21*$AL21 -> #VALUE! | Q21: XX% | R21: =S21*$AL21 -> #VALUE! | S21: XX% | T21: =U21*$AL21 -> #VALUE! | U21: XX% | V21: =W21*$AL21 -> #VALUE! | W21: XX% | X21: =Y21*$AL21 -> #VALUE! | Y21: XX% | Z21: =AA21*$AL21 -> #VALUE! | AA21: XX% | AB21: =AC21*$AL21 -> #VALUE! | AC21: XX% | AD21: =AE21*$AL21 -> #VALUE! | AE21: XX% | AF21: =AG21*$AL21 -> #VALUE! | AG21: XX% | AH21: =AI21*$AL21 -> #VALUE! | AI21: XX% | AJ21: =AK21*$AL21 -> #VALUE! | AK21: XX% | AL21: =Orçamento!M198 -> #VALUE! | AM21: =C21+E21+G21+I21+K21+M21+O21+Q21+S21+U21+W21+Y21+AA21+AC21+AE21+AG21+AI21+AK21 -> #VALUE! | AW21: =B21+D21 -> #VALUE! | AX21: =AL21-AW21 -> #VALUE!
A22: 8. ESQUADRIAS | B22: =C22*$AL22 -> #VALUE! | C22: XX% | D22: =E22*$AL22 -> #VALUE! | E22: XX% | F22: =G22*$AL22 -> #VALUE! | G22: XX% | H22: =I22*$AL22 -> #VALUE! | I22: XX% | J22: =K22*$AL22 -> #VALUE! | K22: XX% | L22: =M22*$AL22 -> #VALUE! | M22: XX% | N22: =O22*$AL22 -> #VALUE! | O22: XX% | P22: =Q22*$AL22 -> #VALUE! | Q22: XX% | R22: =S22*$AL22 -> #VALUE! | S22: XX% | T22: =U22*$AL22 -> #VALUE! | U22: XX% | V22: =W22*$AL22 -> #VALUE! | W22: XX% | X22: =Y22*$AL22 -> #VALUE! | Y22: XX% | Z22: =AA22*$AL22 -> #VALUE! | AA22: XX% | AB22: =AC22*$AL22 -> #VALUE! | AC22: XX% | AD22: =AE22*$AL22 -> #VALUE! | AE22: XX% | AF22: =AG22*$AL22 -> #VALUE! | AG22: XX% | AH22: =AI22*$AL22 -> #VALUE! | AI22: XX% | AJ22: =AK22*$AL22 -> #VALUE! | AK22: XX% | AL22: =Orçamento!M218 -> #VALUE! | AM22: =C22+E22+G22+I22+K22+M22+O22+Q22+S22+U22+W22+Y22+AA22+AC22+AE22+AG22+AI22+AK22 -> #VALUE!
A23: 9. COBERTURA | B23: =C23*$AL23 -> #VALUE! | C23: XX% | D23: =E23*$AL23 -> #VALUE! | E23: XX% | F23: =G23*$AL23 -> #VALUE! | G23: XX% | H23: =I23*$AL23 -> #VALUE! | I23: XX% | J23: =K23*$AL23 -> #VALUE! | K23: XX% | L23: =M23*$AL23 -> #VALUE! | M23: XX% | N23: =O23*$AL23 -> #VALUE! | O23: XX% | P23: =Q23*$AL23 -> #VALUE! | Q23: XX% | R23: =S23*$AL23 -> #VALUE! | S23: XX% | T23: =U23*$AL23 -> #VALUE! | U23: XX% | V23: =W23*$AL23 -> #VALUE! | W23: XX% | X23: =Y23*$AL23 -> #VALUE! | Y23: XX% | Z23: =AA23*$AL23 -> #VALUE! | AA23: XX% | AB23: =AC23*$AL23 -> #VALUE! | AC23: XX% | AD23: =AE23*$AL23 -> #VALUE! | AE23: XX% | AF23: =AG23*$AL23 -> #VALUE! | AG23: XX% | AH23: =AI23*$AL23 -> #VALUE! | AI23: XX% | AJ23: =AK23*$AL23 -> #VALUE! | AK23: XX% | AL23: =Orçamento!M275 -> #VALUE! | AM23: =C23+E23+G23+I23+K23+M23+O23+Q23+S23+U23+W23+Y23+AA23+AC23+AE23+AG23+AI23+AK23 -> #VALUE!
A24: 10. INSTALAÇÕES ELÉTRICAS | B24: =C24*$AL24 -> #VALUE! | C24: XX% | D24: =E24*$AL24 -> #VALUE! | E24: XX% | F24: =G24*$AL24 -> #VALUE! | G24: XX% | H24: =I24*$AL24 -> #VALUE! | I24: XX% | J24: =K24*$AL24 -> #VALUE! | K24: XX% | L24: =M24*$AL24 -> #VALUE! | M24: XX% | N24: =O24*$AL24 -> #VALUE! | O24: XX% | P24: =Q24*$AL24 -> #VALUE! | Q24: XX% | R24: =S24*$AL24 -> #VALUE! | S24: XX% | T24: =U24*$AL24 -> #VALUE! | U24: XX% | V24: =W24*$AL24 -> #VALUE! | W24: XX% | X24: =Y24*$AL24 -> #VALUE! | Y24: XX% | Z24: =AA24*$AL24 -> #VALUE! | AA24: XX% | AB24: =AC24*$AL24 -> #VALUE! | AC24: XX% | AD24: =AE24*$AL24 -> #VALUE! | AE24: XX% | AF24: =AG24*$AL24 -> #VALUE! | AG24: XX% | AH24: =AI24*$AL24 -> #VALUE! | AI24: XX% | AJ24: =AK24*$AL24 -> #VALUE! | AK24: XX% | AL24: =Orçamento!M312 -> #VALUE! | AM24: =C24+E24+G24+I24+K24+M24+O24+Q24+S24+U24+W24+Y24+AA24+AC24+AE24+AG24+AI24+AK24 -> #VALUE! | AW24: =B24+D24 -> #VALUE! | AX24: =AL24-AW24 -> #VALUE!
A25: 11. INSTALAÇÕES LÓGICA / TELEFÔNICA | B25: =C25*$AL25 -> #VALUE! | C25: XX% | D25: =E25*$AL25 -> #VALUE! | E25: XX% | F25: =G25*$AL25 -> #VALUE! | G25: XX% | H25: =I25*$AL25 -> #VALUE! | I25: XX% | J25: =K25*$AL25 -> #VALUE! | K25: XX% | L25: =M25*$AL25 -> #VALUE! | M25: XX% | N25: =O25*$AL25 -> #VALUE! | O25: XX% | P25: =Q25*$AL25 -> #VALUE! | Q25: XX% | R25: =S25*$AL25 -> #VALUE! | S25: XX% | T25: =U25*$AL25 -> #VALUE! | U25: XX% | V25: =W25*$AL25 -> #VALUE! | W25: XX% | X25: =Y25*$AL25 -> #VALUE! | Y25: XX% | Z25: =AA25*$AL25 -> #VALUE! | AA25: XX% | AB25: =AC25*$AL25 -> #VALUE! | AC25: XX% | AD25: =AE25*$AL25 -> #VALUE! | AE25: XX% | AF25: =AG25*$AL25 -> #VALUE! | AG25: XX% | AH25: =AI25*$AL25 -> #VALUE! | AI25: XX% | AJ25: =AK25*$AL25 -> #VALUE! | AK25: XX% | AL25: =Orçamento!M525 -> #VALUE! | AM25: =C25+E25+G25+I25+K25+M25+O25+Q25+S25+U25+W25+Y25+AA25+AC25+AE25+AG25+AI25+AK25 -> #VALUE! | AW25: =B25+D25 -> #VALUE! | AX25: =AL25-AW25 -> #VALUE!
A26: 12. INSTALAÇÕES HIDROSSANITÁRIAS | B26: =C26*$AL26 -> #VALUE! | C26: XX% | D26: =E26*$AL26 -> #VALUE! | E26: XX% | F26: =G26*$AL26 -> #VALUE! | G26: XX% | H26: =I26*$AL26 -> #VALUE! | I26: XX% | J26: =K26*$AL26 -> #VALUE! | K26: XX% | L26: =M26*$AL26 -> #VALUE! | M26: XX% | N26: =O26*$AL26 -> #VALUE! | O26: XX% | P26: =Q26*$AL26 -> #VALUE! | Q26: XX% | R26: =S26*$AL26 -> #VALUE! | S26: XX% | T26: =U26*$AL26 -> #VALUE! | U26: XX% | V26: =W26*$AL26 -> #VALUE! | W26: XX% | X26: =Y26*$AL26 -> #VALUE! | Y26: XX% | Z26: =AA26*$AL26 -> #VALUE! | AA26: XX% | AB26: =AC26*$AL26 -> #VALUE! | AC26: XX% | AD26: =AE26*$AL26 -> #VALUE! | AE26: XX% | AF26: =AG26*$AL26 -> #VALUE! | AG26: XX% | AH26: =AI26*$AL26 -> #VALUE! | AI26: XX% | AJ26: =AK26*$AL26 -> #VALUE! | AK26: XX% | AL26: =Orçamento!M547 -> #VALUE! | AM26: =C26+E26+G26+I26+K26+M26+O26+Q26+S26+U26+W26+Y26+AA26+AC26+AE26+AG26+AI26+AK26 -> #VALUE!
A27: 13. IMPERMEABILIZAÇÃO, ISOLAÇÃO TÉRMICA E ACÚSTICA | B27: =C27*$AL27 -> #VALUE! | C27: XX% | D27: =E27*$AL27 -> #VALUE! | E27: XX% | F27: =G27*$AL27 -> #VALUE! | G27: XX% | H27: =I27*$AL27 -> #VALUE! | I27: XX% | J27: =K27*$AL27 -> #VALUE! | K27: XX% | L27: =M27*$AL27 -> #VALUE! | M27: XX% | N27: =O27*$AL27 -> #VALUE! | O27: XX% | P27: =Q27*$AL27 -> #VALUE! | Q27: XX% | R27: =S27*$AL27 -> #VALUE! | S27: XX% | T27: =U27*$AL27 -> #VALUE! | U27: XX% | V27: =W27*$AL27 -> #VALUE! | W27: XX% | X27: =Y27*$AL27 -> #VALUE! | Y27: XX% | Z27: =AA27*$AL27 -> #VALUE! | AA27: XX% | AB27: =AC27*$AL27 -> #VALUE! | AC27: XX% | AD27: =AE27*$AL27 -> #VALUE! | AE27: XX% | AF27: =AG27*$AL27 -> #VALUE! | AG27: XX% | AH27: =AI27*$AL27 -> #VALUE! | AI27: XX% | AJ27: =AK27*$AL27 -> #VALUE! | AK27: XX% | AL27: =Orçamento!M738 -> #VALUE! | AM27: =C27+E27+G27+I27+K27+M27+O27+Q27+S27+U27+W27+Y27+AA27+AC27+AE27+AG27+AI27+AK27 -> #VALUE!
A28: 14. INSTALAÇÕES DE COMBATE A INCÊNDIO | B28: =C28*$AL28 -> #VALUE! | C28: XX% | D28: =E28*$AL28 -> #VALUE! | E28: XX% | F28: =G28*$AL28 -> #VALUE! | G28: XX% | H28: =I28*$AL28 -> #VALUE! | I28: XX% | J28: =K28*$AL28 -> #VALUE! | K28: XX% | L28: =M28*$AL28 -> #VALUE! | M28: XX% | N28: =O28*$AL28 -> #VALUE! | O28: XX% | P28: =Q28*$AL28 -> #VALUE! | Q28: XX% | R28: =S28*$AL28 -> #VALUE! | S28: XX% | T28: =U28*$AL28 -> #VALUE! | U28: XX% | V28: =W28*$AL28 -> #VALUE! | W28: XX% | X28: =Y28*$AL28 -> #VALUE! | Y28: XX% | Z28: =AA28*$AL28 -> #VALUE! | AA28: XX% | AB28: =AC28*$AL28 -> #VALUE! | AC28: XX% | AD28: =AE28*$AL28 -> #VALUE! | AE28: XX% | AF28: =AG28*$AL28 -> #VALUE! | AG28: XX% | AH28: =AI28*$AL28 -> #VALUE! | AI28: XX% | AJ28: =AK28*$AL28 -> #VALUE! | AK28: XX% | AL28: =Orçamento!M753 -> #VALUE! | AM28: =C28+E28+G28+I28+K28+M28+O28+Q28+S28+U28+W28+Y28+AA28+AC28+AE28+AG28+AI28+AK28 -> #VALUE!
A29: 15. REVESTIMENTOS | B29: =C29*$AL29 -> #VALUE! | C29: XX% | D29: =E29*$AL29 -> #VALUE! | E29: XX% | F29: =G29*$AL29 -> #VALUE! | G29: XX% | H29: =I29*$AL29 -> #VALUE! | I29: XX% | J29: =K29*$AL29 -> #VALUE! | K29: XX% | L29: =M29*$AL29 -> #VALUE! | M29: XX% | N29: =O29*$AL29 -> #VALUE! | O29: XX% | P29: =Q29*$AL29 -> #VALUE! | Q29: XX% | R29: =S29*$AL29 -> #VALUE! | S29: XX% | T29: =U29*$AL29 -> #VALUE! | U29: XX% | V29: =W29*$AL29 -> #VALUE! | W29: XX% | X29: =Y29*$AL29 -> #VALUE! | Y29: XX% | Z29: =AA29*$AL29 -> #VALUE! | AA29: XX% | AB29: =AC29*$AL29 -> #VALUE! | AC29: XX% | AD29: =AE29*$AL29 -> #VALUE! | AE29: XX% | AF29: =AG29*$AL29 -> #VALUE! | AG29: XX% | AH29: =AI29*$AL29 -> #VALUE! | AI29: XX% | AJ29: =AK29*$AL29 -> #VALUE! | AK29: XX% | AL29: =Orçamento!M890 -> #VALUE! | AM29: =C29+E29+G29+I29+K29+M29+O29+Q29+S29+U29+W29+Y29+AA29+AC29+AE29+AG29+AI29+AK29 -> #VALUE!
A30: 16. VIDROS | B30: =C30*$AL30 -> #VALUE! | C30: XX% | D30: =E30*$AL30 -> #VALUE! | E30: XX% | F30: =G30*$AL30 -> #VALUE! | G30: XX% | H30: =I30*$AL30 -> #VALUE! | I30: XX% | J30: =K30*$AL30 -> #VALUE! | K30: XX% | L30: =M30*$AL30 -> #VALUE! | M30: XX% | N30: =O30*$AL30 -> #VALUE! | O30: XX% | P30: =Q30*$AL30 -> #VALUE! | Q30: XX% | R30: =S30*$AL30 -> #VALUE! | S30: XX% | T30: =U30*$AL30 -> #VALUE! | U30: XX% | V30: =W30*$AL30 -> #VALUE! | W30: XX% | X30: =Y30*$AL30 -> #VALUE! | Y30: XX% | Z30: =AA30*$AL30 -> #VALUE! | AA30: XX% | AB30: =AC30*$AL30 -> #VALUE! | AC30: XX% | AD30: =AE30*$AL30 -> #VALUE! | AE30: XX% | AF30: =AG30*$AL30 -> #VALUE! | AG30: XX% | AH30: =AI30*$AL30 -> #VALUE! | AI30: XX% | AJ30: =AK30*$AL30 -> #VALUE! | AK30: XX% | AL30: =Orçamento!M907 -> #VALUE! | AM30: =C30+E30+G30+I30+K30+M30+O30+Q30+S30+U30+W30+Y30+AA30+AC30+AE30+AG30+AI30+AK30 -> #VALUE!
A31: 17. PINTURA | B31: =C31*$AL31 -> #VALUE! | C31: XX% | D31: =E31*$AL31 -> #VALUE! | E31: XX% | F31: =G31*$AL31 -> #VALUE! | G31: XX% | H31: =I31*$AL31 -> #VALUE! | I31: XX% | J31: =K31*$AL31 -> #VALUE! | K31: XX% | L31: =M31*$AL31 -> #VALUE! | M31: XX% | N31: =O31*$AL31 -> #VALUE! | O31: XX% | P31: =Q31*$AL31 -> #VALUE! | Q31: XX% | R31: =S31*$AL31 -> #VALUE! | S31: XX% | T31: =U31*$AL31 -> #VALUE! | U31: XX% | V31: =W31*$AL31 -> #VALUE! | W31: XX% | X31: =Y31*$AL31 -> #VALUE! | Y31: XX% | Z31: =AA31*$AL31 -> #VALUE! | AA31: XX% | AB31: =AC31*$AL31 -> #VALUE! | AC31: XX% | AD31: =AE31*$AL31 -> #VALUE! | AE31: XX% | AF31: =AG31*$AL31 -> #VALUE! | AG31: XX% | AH31: =AI31*$AL31 -> #VALUE! | AI31: XX% | AJ31: =AK31*$AL31 -> #VALUE! | AK31: XX% | AL31: =Orçamento!M924 -> #VALUE! | AM31: =C31+E31+G31+I31+K31+M31+O31+Q31+S31+U31+W31+Y31+AA31+AC31+AE31+AG31+AI31+AK31 -> #VALUE! | AW31: =B31+D31 -> #VALUE! | AX31: =AL31-AW31 -> #VALUE!
A32: 18. SERVIÇOS COMPLEMENTARES | B32: =C32*$AL32 -> #VALUE! | C32: XX% | D32: =E32*$AL32 -> #VALUE! | E32: XX% | F32: =G32*$AL32 -> #VALUE! | G32: XX% | H32: =I32*$AL32 -> #VALUE! | I32: XX% | J32: =K32*$AL32 -> #VALUE! | K32: XX% | L32: =M32*$AL32 -> #VALUE! | M32: XX% | N32: =O32*$AL32 -> #VALUE! | O32: XX% | P32: =Q32*$AL32 -> #VALUE! | Q32: XX% | R32: =S32*$AL32 -> #VALUE! | S32: XX% | T32: =U32*$AL32 -> #VALUE! | U32: XX% | V32: =W32*$AL32 -> #VALUE! | W32: XX% | X32: =Y32*$AL32 -> #VALUE! | Y32: XX% | Z32: =AA32*$AL32 -> #VALUE! | AA32: XX% | AB32: =AC32*$AL32 -> #VALUE! | AC32: XX% | AD32: =AE32*$AL32 -> #VALUE! | AE32: XX% | AF32: =AG32*$AL32 -> #VALUE! | AG32: XX% | AH32: =AI32*$AL32 -> #VALUE! | AI32: XX% | AJ32: =AK32*$AL32 -> #VALUE! | AK32: XX% | AL32: =Orçamento!M946 -> #VALUE! | AM32: =C32+E32+G32+I32+K32+M32+O32+Q32+S32+U32+W32+Y32+AA32+AC32+AE32+AG32+AI32+AK32 -> #VALUE! | AW32: =B32+D32 -> #VALUE! | AX32: =AL32-AW32 -> #VALUE!
A33: 19. PAISAGISMO / URBANIZAÇÃO | B33: =C33*$AL33 -> #VALUE! | C33: XX% | D33: =E33*$AL33 -> #VALUE! | E33: XX% | F33: =G33*$AL33 -> #VALUE! | G33: XX% | H33: =I33*$AL33 -> #VALUE! | I33: XX% | J33: =K33*$AL33 -> #VALUE! | K33: XX% | L33: =M33*$AL33 -> #VALUE! | M33: XX% | N33: =O33*$AL33 -> #VALUE! | O33: XX% | P33: =Q33*$AL33 -> #VALUE! | Q33: XX% | R33: =S33*$AL33 -> #VALUE! | S33: XX% | T33: =U33*$AL33 -> #VALUE! | U33: XX% | V33: =W33*$AL33 -> #VALUE! | W33: XX% | X33: =Y33*$AL33 -> #VALUE! | Y33: XX% | Z33: =AA33*$AL33 -> #VALUE! | AA33: XX% | AB33: =AC33*$AL33 -> #VALUE! | AC33: XX% | AD33: =AE33*$AL33 -> #VALUE! | AE33: XX% | AF33: =AG33*$AL33 -> #VALUE! | AG33: XX% | AH33: =AI33*$AL33 -> #VALUE! | AI33: XX% | AJ33: =AK33*$AL33 -> #VALUE! | AK33: XX% | AL33: =Orçamento!M952 -> #VALUE! | AM33: =C33+E33+G33+I33+K33+M33+O33+Q33+S33+U33+W33+Y33+AA33+AC33+AE33+AG33+AI33+AK33 -> #VALUE!
A34: 20. EQUIPAMENTOS | B34: =C34*$AL34 -> #VALUE! | C34: XX% | D34: =E34*$AL34 -> #VALUE! | E34: XX% | F34: =G34*$AL34 -> #VALUE! | G34: XX% | H34: =I34*$AL34 -> #VALUE! | I34: XX% | J34: =K34*$AL34 -> #VALUE! | K34: XX% | L34: =M34*$AL34 -> #VALUE! | M34: XX% | N34: =O34*$AL34 -> #VALUE! | O34: XX% | P34: =Q34*$AL34 -> #VALUE! | Q34: XX% | R34: =S34*$AL34 -> #VALUE! | S34: XX% | T34: =U34*$AL34 -> #VALUE! | U34: XX% | V34: =W34*$AL34 -> #VALUE! | W34: XX% | X34: =Y34*$AL34 -> #VALUE! | Y34: XX% | Z34: =AA34*$AL34 -> #VALUE! | AA34: XX% | AB34: =AC34*$AL34 -> #VALUE! | AC34: XX% | AD34: =AE34*$AL34 -> #VALUE! | AE34: XX% | AF34: =AG34*$AL34 -> #VALUE! | AG34: XX% | AH34: =AI34*$AL34 -> #VALUE! | AI34: XX% | AJ34: =AK34*$AL34 -> #VALUE! | AK34: XX% | AL34: =Orçamento!M973 -> #VALUE! | AM34: =C34+E34+G34+I34+K34+M34+O34+Q34+S34+U34+W34+Y34+AA34+AC34+AE34+AG34+AI34+AK34 -> #VALUE!
A35: 21. GERENCIAMENTO DE OBRAS / FISCALIZAÇÃO | B35: =C35*$AL35 -> #VALUE! | C35: XX% | D35: =E35*$AL35 -> #VALUE! | E35: XX% | F35: =G35*$AL35 -> #VALUE! | G35: XX% | H35: =I35*$AL35 -> #VALUE! | I35: XX% | J35: =K35*$AL35 -> #VALUE! | K35: XX% | L35: =M35*$AL35 -> #VALUE! | M35: XX% | N35: =O35*$AL35 -> #VALUE! | O35: XX% | P35: =Q35*$AL35 -> #VALUE! | Q35: XX% | R35: =S35*$AL35 -> #VALUE! | S35: XX% | T35: =U35*$AL35 -> #VALUE! | U35: XX% | V35: =W35*$AL35 -> #VALUE! | W35: XX% | X35: =Y35*$AL35 -> #VALUE! | Y35: XX% | Z35: =AA35*$AL35 -> #VALUE! | AA35: XX% | AB35: =AC35*$AL35 -> #VALUE! | AC35: XX% | AD35: =AE35*$AL35 -> #VALUE! | AE35: XX% | AF35: =AG35*$AL35 -> #VALUE! | AG35: XX% | AH35: =AI35*$AL35 -> #VALUE! | AI35: XX% | AJ35: =AK35*$AL35 -> #VALUE! | AK35: XX% | AL35: =Orçamento!M1018 -> #VALUE! | AM35: =C35+E35+G35+I35+K35+M35+O35+Q35+S35+U35+W35+Y35+AA35+AC35+AE35+AG35+AI35+AK35 -> #VALUE! | AW35: =B35+D35 -> #VALUE! | AX35: =AL35-AW35 -> #VALUE!
A36: 22. FORRO | B36: =C36*$AL36 -> #VALUE! | C36: XX% | D36: =E36*$AL36 -> #VALUE! | E36: XX% | F36: =G36*$AL36 -> #VALUE! | G36: XX% | H36: =I36*$AL36 -> #VALUE! | I36: XX% | J36: =K36*$AL36 -> #VALUE! | K36: XX% | L36: =M36*$AL36 -> #VALUE! | M36: XX% | N36: =O36*$AL36 -> #VALUE! | O36: XX% | P36: =Q36*$AL36 -> #VALUE! | Q36: XX% | R36: =S36*$AL36 -> #VALUE! | S36: XX% | T36: =U36*$AL36 -> #VALUE! | U36: XX% | V36: =W36*$AL36 -> #VALUE! | W36: XX% | X36: =Y36*$AL36 -> #VALUE! | Y36: XX% | Z36: =AA36*$AL36 -> #VALUE! | AA36: XX% | AB36: =AC36*$AL36 -> #VALUE! | AC36: XX% | AD36: =AE36*$AL36 -> #VALUE! | AE36: XX% | AF36: =AG36*$AL36 -> #VALUE! | AG36: XX% | AH36: =AI36*$AL36 -> #VALUE! | AI36: XX% | AJ36: =AK36*$AL36 -> #VALUE! | AK36: XX% | AL36: =Orçamento!M1023 -> #VALUE! | AM36: =C36+E36+G36+I36+K36+M36+O36+Q36+S36+U36+W36+Y36+AA36+AC36+AE36+AG36+AI36+AK36 -> #VALUE!
A37: 23. AR CONDICIONADO | B37: =C37*$AL37 -> #VALUE! | C37: XX% | D37: =E37*$AL37 -> #VALUE! | E37: XX% | F37: =G37*$AL37 -> #VALUE! | G37: XX% | H37: =I37*$AL37 -> #VALUE! | I37: XX% | J37: =K37*$AL37 -> #VALUE! | K37: XX% | L37: =M37*$AL37 -> #VALUE! | M37: XX% | N37: =O37*$AL37 -> #VALUE! | O37: XX% | P37: =Q37*$AL37 -> #VALUE! | Q37: XX% | R37: =S37*$AL37 -> #VALUE! | S37: XX% | T37: =U37*$AL37 -> #VALUE! | U37: XX% | V37: =W37*$AL37 -> #VALUE! | W37: XX% | X37: =Y37*$AL37 -> #VALUE! | Y37: XX% | Z37: =AA37*$AL37 -> #VALUE! | AA37: XX% | AB37: =AC37*$AL37 -> #VALUE! | AC37: XX% | AD37: =AE37*$AL37 -> #VALUE! | AE37: XX% | AF37: =AG37*$AL37 -> #VALUE! | AG37: XX% | AH37: =AI37*$AL37 -> #VALUE! | AI37: XX% | AJ37: =AK37*$AL37 -> #VALUE! | AK37: XX% | AL37: =Orçamento!M1031 -> #VALUE! | AM37: =C37+E37+G37+I37+K37+M37+O37+Q37+S37+U37+W37+Y37+AA37+AC37+AE37+AG37+AI37+AK37 -> #VALUE!
A38: 24. PISO | B38: =C38*$AL38 -> #VALUE! | C38: XX% | D38: =E38*$AL38 -> #VALUE! | E38: XX% | F38: =G38*$AL38 -> #VALUE! | G38: XX% | H38: =I38*$AL38 -> #VALUE! | I38: XX% | J38: =K38*$AL38 -> #VALUE! | K38: XX% | L38: =M38*$AL38 -> #VALUE! | M38: XX% | N38: =O38*$AL38 -> #VALUE! | O38: XX% | P38: =Q38*$AL38 -> #VALUE! | Q38: XX% | R38: =S38*$AL38 -> #VALUE! | S38: XX% | T38: =U38*$AL38 -> #VALUE! | U38: XX% | V38: =W38*$AL38 -> #VALUE! | W38: XX% | X38: =Y38*$AL38 -> #VALUE! | Y38: XX% | Z38: =AA38*$AL38 -> #VALUE! | AA38: XX% | AB38: =AC38*$AL38 -> #VALUE! | AC38: XX% | AD38: =AE38*$AL38 -> #VALUE! | AE38: XX% | AF38: =AG38*$AL38 -> #VALUE! | AG38: XX% | AH38: =AI38*$AL38 -> #VALUE! | AI38: XX% | AJ38: =AK38*$AL38 -> #VALUE! | AK38: XX% | AL38: =Orçamento!M1064 -> #VALUE! | AM38: =C38+E38+G38+I38+K38+M38+O38+Q38+S38+U38+W38+Y38+AA38+AC38+AE38+AG38+AI38+AK38 -> #VALUE! | AW38: =B38+D38 -> #VALUE! | AX38: =AL38-AW38 -> #VALUE!
A39: Total da Etapa | B39: =SUM(B16:B38) -> #VALUE! | C39: =B39/$AL$39 -> #VALUE! | D39: =SUM(D16:D38) -> #VALUE! | E39: =D39/$AL$39 -> #VALUE! | F39: =SUM(F16:F38) -> #VALUE! | G39: =F39/$AL$39 -> #VALUE! | H39: =SUM(H16:H38) -> #VALUE! | I39: =H39/$AL$39 -> #VALUE! | J39: =SUM(J16:J38) -> #VALUE! | K39: =J39/$AL$39 -> #VALUE! | L39: =SUM(L16:L38) -> #VALUE! | M39: =L39/$AL$39 -> #VALUE! | N39: =SUM(N16:N38) -> #VALUE! | O39: =N39/$AL$39 -> #VALUE! | P39: =SUM(P16:P38) -> #VALUE! | Q39: =P39/$AL$39 -> #VALUE! | R39: =SUM(R16:R38) -> #VALUE! | S39: =R39/$AL$39 -> #VALUE! | T39: =SUM(T16:T38) -> #VALUE! | U39: =T39/$AL$39 -> #VALUE! | V39: =SUM(V16:V38) -> #VALUE! | W39: =V39/$AL$39 -> #VALUE! | X39: =SUM(X16:X38) -> #VALUE! | Y39: =X39/$AL$39 -> #VALUE! | Z39: =SUM(Z16:Z38) -> #VALUE! | AA39: =Z39/$AL$39 -> #VALUE! | AB39: =SUM(AB16:AB38) -> #VALUE! | AC39: =AB39/$AL$39 -> #VALUE! | AD39: =SUM(AD16:AD38) -> #VALUE! | AE39: =AD39/$AL$39 -> #VALUE! | AF39: =SUM(AF16:AF38) -> #VALUE! | AG39: =AF39/$AL$39 -> #VALUE! | AH39: =SUM(AH16:AH38) -> #VALUE! | AI39: =AH39/$AL$39 -> #VALUE! | AJ39: =SUM(AJ16:AJ38) -> #VALUE! | AK39: =AJ39/$AL$39 -> #VALUE! | AL39: =Orçamento!M1100 -> #VALUE! | AM39: =C39+E39+G39+I39+K39+M39+O39+Q39+S39+U39+W39+Y39+AA39+AC39+AE39+AG39+AI39+AK39 -> #VALUE!
A40: Total Acumulado | B40: =B39 -> #VALUE! | C40: =C39 -> #VALUE! | D40: =B40+D39 -> #VALUE! | E40: =C40+E39 -> #VALUE! | F40: =D40+F39 -> #VALUE! | G40: =E40+G39 -> #VALUE! | H40: =F40+H39 -> #VALUE! | I40: =G40+I39 -> #VALUE! | J40: =H40+J39 -> #VALUE! | K40: =I40+K39 -> #VALUE! | ... AK40: =AI40+AK39 -> #VALUE! | AL40: =SUM(AL16:AL38) -> #VALUE! | AO40: =AL39-AL40 -> #VALUE!
AJ43: Local e Data
AJ47: Nome do Profissional Responsável
AJ48: Especificação do Cargo/função
AJ49: N° do CREA ou CAU

Sheet Plan1
